 Dungeon Crawl Stone Soup version 0.21.1-1-g345015f (webtiles) character file.

140 tidbits the Charmwright (level 5, 6/43 HPs)
             Began as a Gnoll Skald on June 17, 2018.
             Quit the game on level 4 of the Dungeon.
             The game lasted 00:04:46 (498 turns).

tidbits the Charmwright (Gnoll Skald)                Turns: 498, Time: 00:04:47

Health: 6/43       AC:  5    Str: 13 (14) XL:     5   Next: 23%
Magic:  8/12       EV: 19    Int: 14 (16) God:
Gold:   56         SH:  0    Dex: 16 (19) Spells: 3/14 levels left

rFire    . . .     SeeInvis .   a - +0 hand axe
rCold    . . .     Gourm    .   (no shield)
rNeg     . . .     Faith    .   b - +0 leather armour
rPois    .         Spirit   .   (no helmet)
rElec    .         Reflect  .   (no cloak)
rCorr    .         Harm     .   G - +1 pair of gloves
MR       .....                  (no boots)
Stlth    +++.......             (no amulet)
HPRegen  0.14/turn              (no ring)
MPRegen  0.13/turn              (no ring)

@: agile, very slightly contaminated
A: distributed training, fangs 1, strong nose
a: no special abilities


You were on level 4 of the Dungeon.
You were not hungry.

You visited 1 branch of the dungeon, and saw 5 of its levels.

You collected 56 gold pieces.

Inventory:

Hand Weapons
 a - a +0 hand axe (weapon)
Missiles
 i - 6 arrows
 j - 17 sling bullets
Armour
 b - a +0 leather armour (worn)
 h - a +0 ring mail
 G - a +1 pair of gloves (worn)
Scrolls
 e - a scroll of enchant armour {unknown}
 f - a scroll of blinking
 g - a scroll of amnesia {unknown}
Books
 d - a book of Battle

   Spells                             Type                      Level
   a - Infusion                       Charms                       1
   b - Shroud of Golubria             Charms/Translocation         2
   c - Song of Slaying                Charms                       2
   d - Spectral Weapon                Hexes/Charms                 3
   e - Regeneration                   Charms/Necromancy            3
Comestibles
 c - 4 rations


   Skills:
 + Level 4.7 Fighting
 + Level 1.4 Short Blades
 + Level 1.4 Long Blades
 + Level 4.7 Axes
 + Level 1.4 Maces & Flails
 + Level 1.4 Polearms
 + Level 1.4 Staves
 + Level 1.4 Slings
 + Level 1.4 Bows
 + Level 1.4 Crossbows
 + Level 1.4 Throwing
 + Level 2.9 Armour
 + Level 4.7 Dodging
 + Level 1.4 Stealth
 + Level 1.4 Shields
 + Level 1.4 Unarmed Combat
 + Level 5.1 Spellcasting
 + Level 1.1 Conjurations
 + Level 1.1 Hexes
 + Level 5.5 Charms
 + Level 1.1 Summonings
 + Level 1.1 Necromancy
 + Level 1.1 Translocations
 + Level 1.1 Transmutations
 + Level 1.1 Fire Magic
 + Level 1.1 Ice Magic
 + Level 1.1 Air Magic
 + Level 1.1 Earth Magic
 + Level 1.1 Poison Magic
 + Level 1.5 Invocations
 + Level 1.4 Evocations


You had 3 spell levels left.
You knew the following spells:

 Your Spells              Type           Power        Failure   Level  Hunger
g - Shroud of Golubria    Chrm/Tloc      ##........   9%          2    ##.....
i - Infusion              Chrm           ###.         2%          1    None
r - Regeneration          Chrm/Necr      ##........   17%         3    ###....
w - Spectral Weapon       Hex/Chrm       ##......     17%         3    ###....
y - Song of Slaying       Chrm           ###.....     3%          2    ##.....


Dungeon Overview and Level Annotations

Branches:
Dungeon (5/15)
 Temple: D:4-7

Altars:
Kikubaaqudgha
Qazlal

Annotations:
D:5 Menkaure


Innate Abilities, Weirdness & Mutations

Your experience applies equally to all skills.
You have very sharp teeth.
Your uncanny sense of smell can sniff out nearby items.


Message History

Your spectral weapon fades away.
A giant cockroach comes into view.
Casting: Spectral Weapon
Confirm with . or Enter, or press ? or * to list all spells.
You draw out your weapon's spirit!
The giant cockroach misses you.
You closely miss the giant cockroach.
The giant cockroach bites you but does no damage.
Your spectral weapon hits the giant cockroach.
The giant cockroach closely misses you.
You hit the giant cockroach but do no damage.
The giant cockroach is almost dead.
Your spectral weapon hits the giant cockroach.
You kill the giant cockroach!
There is a stone staircase leading down here.
Okay, then.
You climb downwards.
Your summoned ally is left behind.
Your spectral weapon fades away.
Found a gluggy blue potion.
Found a stone staircase leading down.
There is a stone staircase leading up here.
A frilled lizard, a sky beast and Menkaure come into view.
Menkaure shouts!
The sky beast flickers out of sight!
The frilled lizard moves out of view.
Found a stone staircase leading down.
You see here a gluggy blue potion.
k - a gluggy blue potion A sky beast appears from thin air!
There is a stone staircase leading up here.
The sky beast hits you. The sky beast shocks you.
You climb upwards.
There is a stone staircase leading down here.
Unknown command.
Casting: Spectral Weapon
Confirm with . or Enter, or press ? or * to list all spells.
You draw out your weapon's spirit!
The sky beast misses you.
You closely miss the sky beast.
Your spectral weapon hits the sky beast.
The sky beast flickers out of sight!
Something hits you. Something shocks you.
Something hits you but does no damage.
Unknown command.
Found 6 poisoned needles.
Something hits your spectral weapon.
Your spectral weapon shares its damage with you!
Something shocks your spectral weapon.
Your spectral weapon resists.
Your spectral weapon shares its damage with you!
A sky beast appears from thin air!
An adder comes into view.
The adder hisses angrily.
The adder bites you. The adder bites you.
You are poisoned.
The adder poisons you!
You closely miss the adder.
You feel sick.
Your spectral weapon barely misses the adder.
The adder bites you.
You are more poisoned.
The adder poisons you! The adder closely misses you.
The sky beast flickers out of sight!
Something hits your spectral weapon but does no damage.
You barely miss the adder.
You feel sick.
Your spectral weapon hits the adder.
Your spectral weapon hits something.
The adder bites you.
* * * LOW HITPOINT WARNING * * *
Something closely misses your spectral weapon.
You hit the adder but do no damage.
The adder is moderately wounded.
You feel sick.
Your spectral weapon hits the adder!
You kill the adder!
Your spectral weapon barely misses something.
Something barely misses your spectral weapon.
Found 2 inky potions.
You feel sick.
A sky beast appears from thin air!
You feel sick.
You feel sick.
You see here 2 inky potions.
It was a potion of agility.
You feel agile all of a sudden.
Your spectral weapon fades away.
Casting: Spectral Weapon
Confirm with . or Enter, or press ? or * to list all spells.
You miscast Spectral Weapon.
You are very lightly contaminated with residual magic.
Multicoloured lights dance before your eyes!
You feel sick. The sky beast hits you.
* * * LOW HITPOINT WARNING * * *
The sky beast shocks you.
* * * LOW HITPOINT WARNING * * *
It was a potion of degeneration.
There was something very wrong with that liquid.
You feel weakened.
You feel dopey.
You feel clumsy. The sky beast closely misses you.
It was a potion of curing.
You feel better.
The sky beast flickers out of sight!
Something hits you.
* * * LOW HITPOINT WARNING * * *
Something shocks you.
* * * LOW HITPOINT WARNING * * *
Unknown command.
Are you sure you want to abandon this character and quit the game? (Confirm with "yes".)

.<.....# **,,,,,,,,,,, .....#.#
*,,,******,,,
..##.#.#######*******,,,*** **,*
.....#...(....,,,,,,,,,,,,*****,*
..##..........∆,,,,,,,,,,,,,,,,,,
.###....####.#*****,,,,,,,,,,,,,,
.# ####.# #.# ***,,,*****,,,, .#
#.# #.##### *,,,* *,*,* .# #Y#
#...{@# *,*,** *,*,* .# #.#
#.###.##**,,,,** *,*,* .#
#.####......#*,,,,,,***,*,* .#
#....§........>,,∆,,,,,,,,* ,*
######.#....##.,,,,,***,*,* ,*
#.#.#.##**..,,** *,*,* .# #.#.#.#
**.,*****,,,* .# #.#.#.#
*,,,,,,,,,,, ## #.#,*,*
*,******,*,*


There were no monsters in sight!

Vanquished Creatures
  An ogre (D:4)
  An iguana (D:4)
  A gnoll (D:1)
  An adder (D:4)
  An ooze (D:3)
  A worm (D:4)
  A bat zombie (D:4)
  2 giant cockroaches (D:4)
  A hobgoblin (D:2)
  A frilled lizard (D:4)
  A leopard gecko skeleton (D:4)
  A rat (D:2)
  2 rat zombies (D:4)
15 creatures vanquished.

Notes
Turn   | Place    | Note
-------+----------+-------------------------------------------
     0 | D:1      | tidbits the Gnoll Skald began the quest for the Orb.
     0 | D:1      | Reached XP level 1. HP: 20/20 MP: 6/6
     4 | D:1      | Noticed an electric eel
     5 | D:1      | You fall through a shaft!
    68 | D:1      | Reached XP level 2. HP: 26/26 MP: 2/7
    72 | D:1      | Learned a level 2 spell: Song of Slaying
    75 | D:1      | Learned a level 2 spell: Shroud of Golubria
   235 | D:4      | Reached skill level 5 in Spellcasting
   235 | D:4      | Reached skill level 1 in Invocations
   235 | D:4      | Reached XP level 3. HP: 16/31 MP: 5/9
   240 | D:4      | Learned a level 3 spell: Regeneration
   244 | D:4      | Learned a level 3 spell: Spectral Weapon
   269 | D:4      | Found a stormy altar of Qazlal.
   308 | D:4      | Noticed an ogre
   317 | D:4      | Killed an ogre
   317 | D:4      | Reached skill level 1 in Short Blades
   317 | D:4      | Reached skill level 1 in Long Blades
   317 | D:4      | Reached skill level 1 in Maces & Flails
   317 | D:4      | Reached skill level 1 in Polearms
   317 | D:4      | Reached skill level 1 in Staves
   317 | D:4      | Reached skill level 1 in Slings
   317 | D:4      | Reached skill level 1 in Bows
   317 | D:4      | Reached skill level 1 in Crossbows
   317 | D:4      | Reached skill level 1 in Throwing
   317 | D:4      | Reached skill level 1 in Stealth
   317 | D:4      | Reached skill level 1 in Shields
   317 | D:4      | Reached skill level 1 in Unarmed Combat
   317 | D:4      | Reached skill level 1 in Conjurations
   317 | D:4      | Reached skill level 1 in Hexes
   317 | D:4      | Reached skill level 1 in Summonings
   317 | D:4      | Reached skill level 1 in Necromancy
   317 | D:4      | Reached skill level 1 in Translocations
   317 | D:4      | Reached skill level 1 in Transmutations
   317 | D:4      | Reached skill level 1 in Fire Magic
   317 | D:4      | Reached skill level 1 in Ice Magic
   317 | D:4      | Reached skill level 1 in Air Magic
   317 | D:4      | Reached skill level 1 in Earth Magic
   317 | D:4      | Reached skill level 1 in Poison Magic
   317 | D:4      | Reached skill level 1 in Evocations
   317 | D:4      | Reached XP level 4. HP: 38/38 MP: 2/11
   317 | D:4      | Reached XP level 5. HP: 43/43 MP: 2/12
   358 | D:4      | Found an ancient bone altar of Kikubaaqudgha.
   459 | D:5      | Entered Level 5 of the Dungeon
   461 | D:5      | Noticed Menkaure
   461 | D:5      | Noticed a sky beast
   498 | D:4      | Quit the game

Skill      XL: |  1  2  3 |
---------------+----------+-----
Spellcasting   | 5 |  5.1
Invocations    | 1 |  1.5
Short Blades   | 1 |  1.4
Long Blades    | 1 |  1.4
Maces & Flails | 1 |  1.4
Polearms       | 1 |  1.4
Staves         | 1 |  1.4
Slings         | 1 |  1.4
Bows           | 1 |  1.4
Crossbows      | 1 |  1.4
Throwing       | 1 |  1.4
Stealth        | 1 |  1.4
Shields        | 1 |  1.4
Unarmed Combat | 1 |  1.4
Conjurations   | 1 |  1.1
Hexes          | 1 |  1.1
Summonings     | 1 |  1.1
Necromancy     | 1 |  1.1
Translocations | 1 |  1.1
Transmutations | 1 |  1.1
Fire Magic     | 1 |  1.1
Ice Magic      | 1 |  1.1
Air Magic      | 1 |  1.1
Earth Magic    | 1 |  1.1
Poison Magic   | 1 |  1.1
Evocations     | 1 |  1.4
Fighting       | |  4.7
Axes           | |  4.7
Armour         | |  2.9
Dodging        | |  4.7
Charms         | |  5.5

Action                   |  1- 3 |  4- 6 || total
-------------------------+-------+-------++-------
Melee: Hand axe          |    29 |    14 ||    43
       Bite              |     2 |     1 ||     3
 Cast: Infusion          |     5 |       ||     5
       Spectral Weapon   |     3 |     4 ||     7
       Regeneration      |     1 |       ||     1
  Use: Potion            |     1 |     3 ||     4
       Scroll            |       |     4 ||     4
Armor: Leather armour    |     2 |     3 ||     5
Dodge: Dodged            |    14 |    13 ||    27

Table legend:
 A = Turns spent in this place as a percentage of turns spent in the entire game.
 B = Non-inter-level travel turns spent in this place as a percentage of non-inter-level travel turns spent in the entire game.
 C = Inter-level travel turns spent in this place as a percentage of turns spent in this place.
 D = Turns resting spent in this place as a percentage of non-inter-level travel turns spent in this place.
 E = Turns spent auto-exploring this place as a percentage of non-inter-level travel turns spent in this place.
 F = Non-inter-level travel turns spent in this place divided by the number of levels of this place that you've seen.
                   A       B       C       D       E      F
               +-------+-------+-------+-------+-------+----------------------
         Total | 100.0 | 100.0 |   0.0 |   0.0 |   0.0 |  99.6
       Dungeon | 100.0 | 100.0 |   0.0 |   0.0 |   0.0 |  99.6
               +-------+-------+-------+-------+-------+----------------------

Table legend:
 A = Kills in this place as a percentage of kills in entire the game.
 B = Kills by you in this place as a percentage of kills by you in the entire game.
 C = Kills by friends in this place as a percentage of kills by friends in the entire game.
 D = Other kills in this place as a percentage of other kills in the entire game.
 E = Experience gained in this place as a percentage of experience gained in the entire game.
 F = Experience gained in this place divided by the number of levels of this place that you have seen.
                   A       B       C       D       E      F
               +-------+-------+-------+-------+-------+----------------------
         Total | 100.0 | 100.0 |   N/A |   N/A | 100.0 |  40.2
       Dungeon | 100.0 | 100.0 |   N/A |   N/A | 100.0 |  40.2
               +-------+-------+-------+-------+-------+----------------------

Vault maps used:
D:1:      arrival_aquarium_b, minmay_pentomino_o2
D:2:      grunt_decor_cap
D:3:      gammafunk_temple_overflow_statue, lemuel_coloured_pillars_altar,
          first_ration, kennysheep_generic_room_4
D:4:      lemuel_zombie_altar_kikubaaqudgha, grunt_qazlal_clouds, uniq_ijyb
D:5:      marbit_many_paths, uniq_menkaure, uniq_eustachio, uniq_grinder
